 Dungeon Crawl Stone Soup version 0.31-a0-986-g5e6e4ef867 (webtiles) character file.

Game seed: 8506086242001415843

42 grandjackal the Trooper (level 4, 0/40 HPs)
             Began as a Meteoran Fighter on Nov 17, 2023.
             Slain by a gnoll
             ... wielding a +0 whip
              (4 damage)
             ... on level 1 of the Dungeon.
             The game lasted 00:01:04 (217 turns).

grandjackal the Trooper (Meteoran Fighter)           Turns: 217, Time: 00:01:05

Health: 0/40       AC:  7    Str: 19    XL:     4   Next: 5%
Magic:  5/5        EV:  9    Int: 10    God:
Gold:   13         SH:  5    Dex: 13    Spells: 3/3 levels left

rFire   . . .        a - +0 war axe
rCold   . . .        c - +0 buckler
rNeg    . . .        b - +0 scale mail
rPois   .            (no helmet)
rElec   .            (no cloak)
rCorr   .            (no gloves)
SInv    +            (no boots)
Will    .....        (no amulet) Stlth
                     e - ring of see invisible
HPRegen 0.26/turn    (no ring)
MPRegen 0.09/turn

%: no passive effects
@: glowing
A: sense surroundings 1, otherworldly, glowing, explore regen
a: no special abilities


You were on level 1 of the Dungeon.
You visited 1 branch of the dungeon, and saw 2 of its levels.

You collected 13 gold pieces.

Inventory:

Hand Weapons
 a - a +0 war axe (weapon)
Armour
 b - a +0 scale mail (worn)
 c - a +0 buckler (worn)
Jewellery
 e - a ring of see invisible (left hand)
 f - an amulet of regeneration
Scrolls
 g - a scroll of revelation {unknown}
Potions
 d - a potion of might
 h - a potion of invisibility {unknown}


   Skills:
 + Level 3.8 Fighting
 + Level 3.1 Axes
 + Level 3.7 Armour
 + Level 3.7 Shields


You had 3 spell levels left.
You didn't know any spells.
Your spell library was empty.

Dungeon Overview and Level Annotations

Branches:
Dungeon (2/15) Zot: 961

Altars:


Innate Abilities, Weirdness & Mutations

You passively map a small area around you.
You are easily found by Zot.
You glow in the dark.
You regain HP and MP as you explore.


Message History

The jackal barely misses you. The gnoll hits you with a +0 whip.
* * * LOW HITPOINT WARNING * * *
You block the gnoll's attack. The jackal bites you.
* * * LOW HITPOINT WARNING * * *
You closely miss the gnoll.
The gnoll is almost dead.
You miss the jackal. You hit the jackal.
You kill the jackal!
You barely miss the gnoll.
The jackal bites you but does no damage.
The gnoll closely misses you. The gnoll barely misses you.
You block the jackal's attack.
Unknown command.
You hit the gnoll.
You kill the gnoll!
You miss the jackal. You hit the gnoll but do no damage.
You block the jackal's attack. The gnoll hits you but does no damage.
The jackal bites you but does no damage.
You have reached level 4!
Unknown command.
You closely miss the gnoll.
The gnoll is moderately wounded.
You hit the jackal. The gnoll hits you with a +0 whip.
* * * LOW HITPOINT WARNING * * *
The jackal bites you but does no damage.
The gnoll closely misses you.
Unknown command.
You hit the gnoll but do no damage.
The gnoll is moderately wounded.
You closely miss the jackal.
The jackal bites you but does no damage.
The jackal misses you. You block the gnoll's attack.
Unknown command.
Unknown command.
You hit the gnoll.
The gnoll is heavily wounded.
You slash the jackal!
You kill the jackal!
The gnoll hits you with a +0 whip.
You die...

#.......##...#
###
#.........(..#
#####..
#####........#
#......
#.......##
#..####
#.......#
#......
#.......#
#......
#.......# ####
.......
#.....††#....#*
.#..(..
#......@)....+
#.....
#......g.....#
#.####
##......#....#
#.....
#............#
.....#
#[.###...###..
......,
#..*,#...# .
...... #.)
#...# * #*
..... * *


You could see a gnoll.

Vanquished Creatures
  2 gnolls
  2 dart slugs (D:1)
  2 bats
  4 endoplasms
  A goblin (D:2)
  A hobgoblin (D:2)
  3 jackals (D:1)
  A ball python (D:1)
  2 frilled lizards (D:1)
  2 rats (D:1)
20 creatures vanquished.

Notes
Turn   | Place    | Note
-------+----------+-------------------------------------------
     0 | D:1      | grandjackal the Meteoran Fighter began the quest for the
                  | Orb.
     0 | D:1      | Reached XP level 1. HP: 19/19 MP: 2/2
    55 | D:1      | Reached XP level 2. HP: 26/26 MP: 3/3
   172 | D:2      | Reached XP level 3. HP: 15/33 MP: 4/4
   215 | D:1      | Reached XP level 4. HP: 9/40 MP: 5/5
   217 | D:1      | Slain by a gnoll

Illustrated notes

Levels and vault maps discovered:
D:1:      minmay_arrival_semitransparent, layout_basic,
          hellmonk_ecumenical_altar_watching_god, nicolae_figureground_sparkle
D:2:      layout_basic, uniq_sigmund

Skill      XL: |  1  2  3 |
---------------+----------+-----
Axes           | 3 |  3.1
Fighting       | |  3.8
Armour         | |  3.7
Shields        | |  3.7

Action                     |  1- 3 |  4- 6 || total
---------------------------+-------+-------++-------
  Melee: War axe           |    48 |     3 ||    51
 Armour: Scale mail        |    54 |     4 ||    58
  Dodge: Dodged            |    38 |     2 ||    40
  Block: Buckler           |    14 |     1 ||    15

Table legend: (Time is in decaauts)
 A = Elapsed time spent in this place.
 B = Non-inter-level travel time spent in this place.
 C = Inter-level travel time spent in this place.
 D = Time resting spent in this place.
 E = Time spent auto-exploring this place.
 F = Levels seen in this place.
 G = Mean time per level.
                   A        B        C        D        E       F      G
               +--------+--------+--------+--------+--------+-----+--------+
         Total |    236 |    226 |     10 |      0 |     81 |   2 |  118.0 |
       Dungeon |    236 |    226 |     10 |      0 |     81 |   2 |  118.0 |
               +--------+--------+--------+--------+--------+-----+--------+

Top non-repeatable levels by time:
     D:1: 135 daAuts
     D:2: 101 daAuts
